[Event "Titled Tuesday Blitz March 14 Late 2023"]
[White "Van Foreest, Jorden"]
[Black "Melikyan, Gnel"]
[WhiteFideId "1039784"]
[BlackFideId "54109990"]
[WhiteElo "2633"]
[BlackElo "2138"]
[Result "1-0"]
[Round "09"]
[TimeControl "180+2"]
[Date "2023.03.14"]
[WhiteClock "0:01:25"]
[BlackClock "0:00:03"]

1. e4 c5 2. Nf3 Nc6 3. Bc4 g6 4. c3 Bg7 5. d4 cxd4 6. cxd4 d6 7. Nc3 Nf6 8. h3 O-O 9. Bb3 b6 10. O-O Bb7 11. Re1 e6 12. Bg5 h6 13. Bf4 Na5 14. Bc2 Rc8 15. Qc1 g5 16. Bh2 Nc4 17. Bd3 a6 18. Qc2 b5 19. Qe2 Qb6 20. Rad1 Qa5 21. Bxc4 Rxc4 22. Bxd6 Rd8 23. Be5 Rcc8 24. a3 b4 25. axb4 Qxb4 26. Rd2 a5 27. Ra1 Ra8 28. Qe3 a4 29. h4 Ng4 30. Qe2 Nxe5 31. dxe5 g4 32. Nh2 h5 33. Rxd8+ Rxd8 34. Rxa4 Qb3 35. Ra3 Qb4 36. Nf1 Bxe5 37. Ng3 Qd4 38. Nxh5 g3 39. Nxg3 Kf8 40. Nf1 Bb8 41. g3 f5 42. Rb3 Ba8 43. Qh5 Qf6 44. exf5 exf5 45. Rb5 Be5 46. Ne3 1-0


[Site "https://www.chess.com"]

[Event "Titled Tuesday Blitz March 14 Late 2023"]
[White "Mirzoev, Azer"]
[Black "Makhnev, Denis"]
[WhiteFideId "13400304"]
[BlackFideId "13707647"]
[WhiteElo "2525"]
[BlackElo "2525"]
[Result "0-1"]
[Round "09"]
[TimeControl "180+2"]
[Date "2023.03.14"]
[WhiteClock "0:00:04"]
[BlackClock "0:00:18"]

1. d4 Nf6 2. Nf3 e6 3. Bg5 h6 4. Bh4 Be7 5. e3 b6 6. c4 Bb7 7. Nc3 O-O 8. Qc2 c5 9. dxc5 bxc5 10. Be2 d6 11. O-O Nbd7 12. Rfd1 Qb6 13. h3 Rfd8 14. Rac1 Bc6 15. Nd2 Ne5 16. Bg3 Rab8 17. b3 Qb7 18. Bf1 a6 19. Ne2 g5 20. f3 Ng6 21. Bf2 Bf8 22. Ng3 Bg7 23. Nb1 h5 24. Nc3 h4 25. Nge2 Rd7 26. Rd2 Rbd8 27. Rcd1 Bh6 28. Nc1 Nh5 29. Bd3 f5 30. N1e2 Ne5 31. e4 g4 32. fxg4 fxg4 33. Bxh4 Rf8 34. Ng3 Nxg3 35. Bxg3 Bxd2 36. Qxd2 gxh3 37. Bxe5 dxe5 38. gxh3 Rg7+ 39. Kh2 Qc7 40. Qe3 Qe7 41. Rd2 Qg5 42. Qxg5 Rxg5 43. Re2 Rf3 44. Rd2 Rgg3 45. Be2 Rxc3 46. Bg4 Bxe4 47. Bxe6+ Kf8 48. Bg4 Rge3 49. Rf2+ Ke7 50. Bh5 Rc2 51. Rxc2 Bxc2 0-1


[Site "https://www.chess.com"]

[Event "Titled Tuesday Blitz March 14 Late 2023"]
[White "Rustemov, Alexander"]
[Black "Averjanov, Alexey"]
[WhiteFideId "4119002"]
[BlackFideId "14109867"]
[WhiteElo "2931"]
[BlackElo "2726"]
[Result "1/2-1/2"]
[Round "09"]
[TimeControl "180+2"]
[Date "2023.03.14"]
[WhiteClock "0:00:11"]
[BlackClock "0:00:21"]

1. d4 d5 2. c4 dxc4 3. Nf3 Nf6 4. e3 e6 5. Bxc4 a6 6. O-O b5 7. Be2 Bb7 8. a4 b4 9. Nbd2 Nbd7 10. Nc4 c5 11. b3 Qc7 12. Bb2 Be7 13. Nfe5 O-O 14. Bf3 Rac8 15. Bxb7 Qxb7 16. Rc1 Rfd8 17. Qf3 Qxf3 18. gxf3 cxd4 19. Nxd7 Nxd7 20. Bxd4 Kf8 21. Rfd1 Rc7 22. Nb6 Rxc1 23. Rxc1 Ke8 24. Kf1 Nxb6 25. Bxb6 Rd2 26. Rc8+ Kd7 27. Rc7+ Ke8 28. Rc8+ Kd7 29. Rc7+ Kd6 30. Ra7 Rb2 31. Rxa6 Rxb3 32. Bd4+ Kd5 33. Bxg7 Ra3 34. Ra7 Bh4 35. Ke2 Ra2+ 36. Kd3 Ra3+ 37. Ke2 Ra2+ 38. Kd3 Ra3+ 39. Kc2 Bxf2 40. e4+ Kc4 41. Rc7+ Bc5 42. Bf8 Rc3+ 43. Kb1 Kd4 44. Bxc5+ Rxc5 45. Rxc5 Kxc5 46. Kb2 Kc4 47. f4 h5 48. f5 exf5 49. exf5 h4 50. f6 h3 51. Kc2 b3+ 52. Kb2 Kb4 53. a5 Kxa5 54. Kxb3 Kb5 55. Kc3 Kc5 56. Kd3 Kd5 57. Ke3 Ke5 58. Kf3 Kxf6 59. Kg3 Kg5 60. Kxh3 Kf4 61. Kg2 f5 62. Kf2 Kg4 63. Kg2 f4 64. Kf2 f3 65. h4 Kxh4 66. Kxf3 1/2-1/2


[Site "https://www.chess.com"]

[Event "Titled Tuesday Blitz March 14 Late 2023"]
[White "Chigaev, Maksim"]
[Black "Subelj, Jan"]
[WhiteFideId "4108116"]
[BlackFideId "14618583"]
[WhiteElo "2547"]
[BlackElo "2474"]
[Result "1-0"]
[Round "09"]
[TimeControl "180+2"]
[Date "2023.03.14"]
[WhiteClock "0:02:07"]
[BlackClock "0:01:44"]

1. Nf3 Nf6 2. g3 b6 3. Bg2 Bb7 4. O-O g6 5. c4 c5 6. b3 Bg7 7. Bb2 O-O 8. d4 cxd4 9. Qxd4 Nc6 10. Qf4 d5 11. Rd1 Qe8 12. cxd5 Nxd5 13. Qc1 Nf6 14. Nc3 Rc8 15. Qf4 Nb4 16. Qxb4 1-0


[Site "https://www.chess.com"]

[Event "Titled Tuesday Blitz March 14 Late 2023"]
[White "Garcia Pantoja, Roberto"]
[Black "Xu, Yi"]
[WhiteFideId "3509265"]
[BlackFideId "8605564"]
[WhiteElo "2544"]
[BlackElo "2471"]
[Result "1-0"]
[Round "09"]
[TimeControl "180+2"]
[Date "2023.03.14"]
[WhiteClock "0:00:04"]
[BlackClock "0:00:01"]

1. e4 c5 2. Nf3 d6 3. d4 cxd4 4. Nxd4 Nf6 5. Nc3 a6 6. Bg5 e6 7. f4 Qb6 8. Qd3 Qxb2 9. Rb1 Qa3 10. f5 Be7 11. fxe6 fxe6 12. Be2 Qa5 13. Bd2 Qc7 14. g4 h6 15. e5 dxe5 16. Qg6+ Kf8 17. Nf3 Bd7 18. g5 Be8 19. Qd3 hxg5 20. Nxg5 Bf7 21. Nxf7 Kxf7 22. Rg1 Bc5 23. Qg6+ Kf8 24. Rf1 Qf7 25. Qxf7+ Kxf7 26. Rxb7+ Kg8 27. Bc4 Rxh2 28. Bxe6+ Kh8 29. Bg5 Bd4 30. Ne4 Nbd7 31. Nxf6 gxf6 32. Rxf6 Bc3+ 33. Kf1 Nc5 34. Rc7 Ne4 35. Rg6 Rf8+ 36. Kg1 Nxg5 37. Kxh2 Nf3+ 38. Kg3 1-0


[Site "https://www.chess.com"]

[Event "Titled Tuesday Blitz March 14 Late 2023"]
[White "Vlassov, Nikolai"]
[Black "Ozen, Bahadir"]
[WhiteFideId "4103360"]
[BlackFideId "6337058"]
[WhiteElo "2324"]
[BlackElo "2503"]
[Result "1/2-1/2"]
[Round "09"]
[TimeControl "180+2"]
[Date "2023.03.14"]
[WhiteClock "0:02:21"]
[BlackClock "0:01:25"]

1. e4 e5 2. Bc4 Nf6 3. d3 c6 4. Nf3 d5 5. Bb3 Bb4+ 6. c3 Bd6 7. Bg5 Be6 8. d4 dxe4 9. Nxe5 Bxe5 10. dxe5 Qxd1+ 11. Bxd1 Nfd7 12. Bf4 Nc5 13. Bc2 Nbd7 14. Nd2 Nd3+ 15. Bxd3 exd3 16. Ne4 O-O 17. Kd2 f6 18. exf6 Nxf6 19. Nxf6+ Rxf6 20. Be3 Bf5 1/2-1/2


[Site "https://www.chess.com"]

[Event "Titled Tuesday Blitz March 14 Late 2023"]
[White "Adewumi, Tanitoluwa"]
[Black "Domingo Nunez, Ruben"]
[WhiteFideId "30966396"]
[BlackFideId "22245570"]
[WhiteElo "2811"]
[BlackElo "2404"]
[Result "1/2-1/2"]
[Round "09"]
[TimeControl "180+2"]
[Date "2023.03.14"]
[WhiteClock "0:00:03"]
[BlackClock "0:00:11"]

1. e4 g6 2. d4 Bg7 3. Nf3 c6 4. Bd3 d5 5. c3 dxe4 6. Bxe4 Nf6 7. Bd3 O-O 8. O-O a6 9. Be3 a5 10. Nbd2 Na6 11. Nc4 Nd5 12. Re1 b5 13. Nce5 Nxe3 14. Rxe3 Bb7 15. a4 b4 16. Qe2 c5 17. Be4 Qc7 18. Qb5 Bxe4 19. Rxe4 Rfb8 20. Qc6 Rc8 21. Qxc7 Rxc7 22. d5 Bf6 23. Rc1 Rd8 24. c4 Nb8 25. b3 Kg7 26. g4 h6 27. h4 g5 28. hxg5 hxg5 29. Rce1 Rd6 30. Nd3 Nd7 31. R1e3 Nf8 32. Nd2 Ng6 33. Nf1 Nf4 34. Nxf4 gxf4 35. Re2 Bg5 36. Nd2 Rg6 37. Kg2 Kf8 38. Nf3 f6 39. Re6 Kf7 40. Nd2 Bh6 41. Kf3 Rg8 42. Ne4 Rh8 43. d6 Kxe6 44. dxc7 Kd7 45. Nxc5+ Kxc7 46. Ne6+ Kd6 47. Nd4 Bg5 48. Nf5+ Kd7 49. Rxe7+ Kc6 50. Re6+ Kc5 51. Re4 Rh3+ 52. Ke2 Rxb3 53. Nd4 Kxc4 54. Nxb3+ Kxb3 55. Rd4 f3+ 56. Kxf3 Kc2 57. Ke4 b3 58. Rd5 b2 59. Rc5+ Kd1 60. Rb5 Kc1 61. Rc5+ Kd2 62. Rb5 Kc2 63. f4 Bh4 64. Rc5+ Kb3 65. Rb5+ Kc3 66. Rc5+ Kd2 67. Rb5 Kc2 68. Rc5+ Kd2 69. Rb5 Kc2 1/2-1/2


[Site "https://www.chess.com"]

[Event "Titled Tuesday Blitz March 14 Late 2023"]
[White "Christiansen, Johan-Sebastian"]
[Black "Arabidze, Meri"]
[WhiteFideId "1512668"]
[BlackFideId "13604040"]
[WhiteElo "2517"]
[BlackElo "2405"]
[Result "1-0"]
[Round "09"]
[TimeControl "180+2"]
[Date "2023.03.14"]
[WhiteClock "0:00:36"]
[BlackClock "0:00:37"]

1. e4 c5 2. Nf3 e6 3. c3 d5 4. e5 d4 5. d3 Nc6 6. g3 Nge7 7. Bg2 Nf5 8. O-O h5 9. Qe2 Qc7 10. Nbd2 Bd7 11. Ne4 Be7 12. Bf4 Qb6 13. h4 O-O-O 14. Rfc1 Kb8 15. Rab1 Ka8 16. a3 Bc8 17. b4 cxb4 18. cxb4 Rhe8 19. Nfd2 f6 20. Nc4 Qb5 21. a4 Qxa4 22. Nb6+ axb6 23. Ra1 b5 24. Rxa4+ bxa4 25. exf6 gxf6 26. Qa2 e5 27. Qxa4+ Kb8 28. Bd2 Bd7 29. b5 Na7 30. Ra1 Nxb5 31. Nxf6 Bxf6 32. Qa8+ Kc7 33. Qxb7+ Kd6 34. Bb4+ 1-0


[Site "https://www.chess.com"]

[Event "Titled Tuesday Blitz March 14 Late 2023"]
[White "Yelisieiev, Yevhenii"]
[Black "Skvortsov, Andrei"]
[WhiteFideId "14139642"]
[BlackFideId "24108600"]
[WhiteElo "2447"]
[BlackElo "2259"]
[Result "0-1"]
[Round "09"]
[TimeControl "180+2"]
[Date "2023.03.14"]
[WhiteClock "0:00:02"]
[BlackClock "0:00:11"]

1. d4 g6 2. Nf3 Bg7 3. g3 c5 4. dxc5 Na6 5. Bg2 Nxc5 6. O-O d6 7. Nbd2 Nf6 8. c4 O-O 9. Nd4 Ne6 10. Nc2 Rb8 11. b3 Nd7 12. Rb1 a5 13. Bb2 Bxb2 14. Rxb2 Ne5 15. h3 f5 16. f4 Nc6 17. e4 Nc5 18. exf5 Bxf5 19. Ne3 Bd7 20. Nf3 Qe8 21. Nd5 Qf7 22. Re2 Rbe8 23. Ng5 Qg7 24. Nc7 Rc8 25. Bd5+ Kh8 26. Nce6 Nxe6 27. Bxe6 Qd4+ 28. Kh2 Bxe6 29. Nxe6 Qxd1 30. Rxd1 Rf6 31. Nd4 Rf7 32. Nxc6 bxc6 33. Rde1 Rc7 34. Kg2 Kg7 35. Kf3 Kf8 36. Ke4 Rf5 37. Kd3 d5 38. c5 Rf7 39. Re6 Ke8 40. Kd4 Kd7 41. R6e2 Rb7 42. Kc3 h6 43. Kd4 Rb4+ 44. Kd3 Rb5 45. Re6 Rg7 46. Kd4 Rb4+ 47. Kd3 g5 48. fxg5 hxg5 49. g4 Rf4 50. R6e3 Rgf7 51. a3 Rf2 52. R1e2 Rf1 53. Re1 R1f4 54. R1e2 Rh7 55. Kc2 Rf1 56. Re1 Rxe1 57. Rxe1 Rxh3 58. Re5 a4 59. bxa4 Rxa3 60. Rxg5 Rxa4 61. Kb3 Rc4 62. Rg8 Rxc5 63. g5 Rc4 64. g6 Rg4 65. Kc3 c5 66. Kd3 Rg3+ 67. Ke2 c4 68. Kf2 Rg5 69. Ke3 e5 70. g7 Ke7 71. Kf3 Kf7 72. Rd8 d4 73. Rd7+ Ke6 74. Rc7 c3 75. Ke4 Rg4+ 76. Kf3 Rg1 77. Kf2 Rg6 78. Kf3 c2 79. Rxc2 Rxg7 80. Rc6+ Kf5 81. Rc8 e4+ 82. Ke2 d3+ 83. Ke3 Rg3+ 84. Kf2 Rf3+ 85. Ke1 Kf4 86. Kd2 Rf2+ 87. Kd1 Rc2 0-1


[Site "https://www.chess.com"]

[Event "Titled Tuesday Blitz March 14 Late 2023"]
[White "Rodchenkov, Sergey D."]
[Black "Avila Pavas, Santiago"]
[WhiteFideId "4168712"]
[BlackFideId "4437128"]
[WhiteElo "2277"]
[BlackElo "2365"]
[Result "0-1"]
[Round "09"]
[TimeControl "180+2"]
[Date "2023.03.14"]
[WhiteClock "0:00:33"]
[BlackClock "0:02:44"]

1. e4 Nf6 2. e5 Nd5 3. d4 d6 4. c4 Nb6 5. exd6 cxd6 6. Nc3 g6 7. Be3 Bg7 8. Rc1 O-O 9. b3 e5 10. dxe5 dxe5 11. c5 N6d7 12. Nf3 Nc6 13. Bc4 Qa5 14. O-O Nxc5 15. Ng5 h6 16. Nxf7 Rxf7 17. Bxf7+ Kxf7 18. Qf3+ Kg8 19. Qd5+ Ne6 0-1


[Site "https://www.chess.com"]

[Event "Titled Tuesday Blitz March 14 Late 2023"]
[White "Martinez Alcantara, Jose Eduardo"]
[Black "Pham, Khoi"]
[WhiteFideId "3805662"]
[BlackFideId "1054988"]
[WhiteElo "2712"]
[BlackElo "2583"]
[Result "1-0"]
[Round "09"]
[TimeControl "180+2"]
[Date "2023.03.14"]
[WhiteClock "0:01:08"]
[BlackClock "0:00:28"]

1. e4 c5 2. Nf3 e6 3. c3 Nf6 4. Bd3 d5 5. e5 Nfd7 6. Bc2 Nc6 7. d4 Qb6 8. O-O a6 9. a3 Be7 10. b4 cxd4 11. cxd4 O-O 12. Nc3 f6 13. exf6 Nxf6 14. Be3 Bd7 15. h3 Rae8 16. Re1 Bd6 17. Na4 Qc7 18. Nc5 Bc8 19. Rc1 Qb8 20. Ba4 e5 21. dxe5 Bxe5 22. Nxe5 Qxe5 23. Nxa6 d4 24. Bd2 Qd6 25. Rxe8 Rxe8 26. Nc5 Nd5 27. Bb3 Kh8 28. Qf3 Nf6 29. Bf4 Qe7 30. Ba4 Rd8 31. Nd3 Nd5 32. Bxc6 bxc6 33. Re1 Qf6 34. Qg3 Nxf4 35. Qxf4 Qxf4 36. Nxf4 g5 37. Nd3 Bf5 38. Ne5 d3 39. Nf7+ 1-0


[Site "https://www.chess.com"]

[Event "Titled Tuesday Blitz March 14 Late 2023"]
[White "Yeletsky, Ivan"]
[Black "Thomforde-Toates, Noah"]
[WhiteFideId "24180327"]
[BlackFideId "30951992"]
[WhiteElo "2414"]
[BlackElo "2633"]
[Result "1-0"]
[Round "09"]
[TimeControl "180+2"]
[Date "2023.03.14"]
[WhiteClock "0:01:34"]
[BlackClock "0:01:20"]

1. b4 Nf6 2. Bb2 d6 3. a3 e5 4. Nf3 Nbd7 5. e3 b6 6. d4 e4 7. Nfd2 d5 8. c4 c6 9. Nc3 Be7 10. g4 h6 11. h4 h5 12. g5 Ng4 13. cxd5 cxd5 14. Nxd5 Bb7 15. Bc4 Rc8 16. Qb3 O-O 17. Nf4 b5 18. Bxf7+ Kh7 19. Bg6+ Kh8 20. Bxh5 Rxf4 21. exf4 e3 22. fxe3 Nxe3 23. Qxe3 Bxh1 24. Qe2 Nb6 25. Bf7 g6 26. d5+ Kh7 27. f5 Bxg5 28. hxg5 Qxg5 29. Qh2+ Qh5 30. Bxg6+ 1-0


[Site "https://www.chess.com"]

[Event "Titled Tuesday Blitz March 14 Late 2023"]
[White "O`Gorman, Tom"]
[Black "Escalona Landi, Samid Eduardo"]
[WhiteFideId "2508249"]
[BlackFideId "3937437"]
[WhiteElo "2271"]
[BlackElo "2207"]
[Result "1-0"]
[Round "09"]
[TimeControl "180+2"]
[Date "2023.03.14"]
[WhiteClock "0:00:14"]
[BlackClock "0:00:07"]

1. e4 c5 2. Nf3 d6 3. d4 cxd4 4. Nxd4 Nf6 5. Nc3 Nc6 6. Be2 e5 7. Nf3 h6 8. O-O Be7 9. Re1 Be6 10. h3 Rc8 11. Bf1 Nb8 12. a4 O-O 13. a5 a6 14. Be3 Nbd7 15. Nh4 Rxc3 16. bxc3 Nxe4 17. Nf3 Nxc3 18. Qd2 Qc7 19. Ra3 Rc8 20. Raa1 Ne4 21. Qd3 Ndc5 22. Qa3 d5 23. Qb2 d4 24. Bc1 Bf6 25. Qb6 Qxb6 26. axb6 Nc3 27. Nxe5 Bxe5 28. Rxe5 Nd7 29. Re1 Nxb6 30. Bd3 Nbd5 31. Bd2 Rc6 32. Re5 f6 33. Ree1 Kf7 34. g4 g5 35. Kg2 Nb4 36. Kg3 b6 37. f4 a5 38. fxg5 hxg5 39. Rf1 Kg7 40. Rae1 a4 41. Bc1 b5 42. h4 gxh4+ 43. Kxh4 Nbd5 44. g5 fxg5+ 45. Bxg5 Bf7 46. Kg3 b4 47. Rh1 Bg6 48. Bh6+ Kg8 49. Rh4 Bxd3 50. cxd3 Rg6+ 51. Kf3 a3 52. Re8+ Kf7 53. Rf8+ Ke7 54. Ra8 a2 55. Bc1 Rf6+ 56. Kg3 Rf1 57. Bb2 Rb1 58. Rh6 Rxb2 59. Ra7+ 1-0


[Site "https://www.chess.com"]

[Event "Titled Tuesday Blitz March 14 Late 2023"]
[White "Galchenko, Matvey"]
[Black "Filgueira, Hernan"]
[WhiteFideId "24175480"]
[BlackFideId "101770"]
[WhiteElo "2404"]
[BlackElo "2363"]
[Result "1-0"]
[Round "09"]
[TimeControl "180+2"]
[Date "2023.03.14"]
[WhiteClock "0:00:08"]
[BlackClock "0:00:24"]

1. f4 d5 2. Nf3 c6 3. g3 g6 4. Bg2 Bg7 5. O-O Qb6+ 6. d4 Nh6 7. c4 Bg4 8. e3 Nf5 9. Nc3 Bxf3 10. Qxf3 e6 11. Qe2 Nd7 12. Rd1 h5 13. Bf3 Qa6 14. b3 Nb6 15. Qf2 O-O 16. Bb2 dxc4 17. e4 Ne7 18. Be2 Rad8 19. a4 Qa5 20. bxc4 c5 21. e5 cxd4 22. Nb5 Nf5 23. Nxd4 Nxd4 24. Bxd4 Nc8 25. Bf1 Rfe8 26. Bg2 Qc7 27. Rac1 Rd7 28. Be3 Red8 29. Rxd7 Rxd7 30. c5 Ne7 31. Qb2 Nc6 32. Bf2 Qa5 33. Qb5 Qc7 34. Rb1 Kh7 35. Be4 Nd4 36. Qxb7 Qd8 37. Qa6 Ne2+ 38. Qxe2 Rd2 39. Qxh5+ Kg8 40. Qf3 Ra2 41. c6 Qc7 42. Rb7 Qa5 43. c7 Ra1+ 44. Kg2 Rc1 45. Rb8+ Kh7 46. c8=Q Rxc8 47. Rxc8 Qxa4 48. Rc7 1-0


[Site "https://www.chess.com"]

[Event "Titled Tuesday Blitz March 14 Late 2023"]
[White "Almeida Quintana, Omar"]
[Black "Larino Nieto, David"]
[WhiteFideId "3503313"]
[BlackFideId "2256444"]
[WhiteElo "2530"]
[BlackElo "2506"]
[Result "1-0"]
[Round "09"]
[TimeControl "180+2"]
[Date "2023.03.14"]
[WhiteClock "0:00:26"]
[BlackClock "0:00:08"]

1. d4 e6 2. Nf3 h6 3. c4 g5 4. Nc3 d6 5. e4 Bg7 6. Be3 Ne7 7. h4 g4 8. Nd2 h5 9. g3 Nd7 10. Bg2 e5 11. d5 b6 12. b4 a5 13. a3 O-O 14. O-O f5 15. exf5 Nxf5 16. Nce4 Nf6 17. Nxf6+ Qxf6 18. Ne4 Qg6 19. Qd2 Nxe3 20. Qxe3 Bh6 21. Qe2 Bf5 22. c5 axb4 23. axb4 bxc5 24. bxc5 Rfb8 25. Qc4 Bxe4 26. Bxe4 Qf7 27. cxd6 cxd6 28. Qc6 Rxa1 29. Rxa1 Rb2 30. Qc8+ Bf8 31. Rf1 Kg7 32. Qc1 Rb7 33. Qg5+ Kh8 34. Bg6 Qxd5 35. Qxh5+ Kg8 36. Qxg4 Rg7 37. h5 Kh8 38. Qf5 Qg8 39. Rc1 Be7 40. Rc8 Rxg6 1-0


[Site "https://www.chess.com"]

[Event "Titled Tuesday Blitz March 14 Late 2023"]
[White "Tanenbaum, Zachary"]
[Black "Di Berardino, Diego Rafael"]
[WhiteFideId "2060850"]
[BlackFideId "2105446"]
[WhiteElo "2175"]
[BlackElo "2432"]
[Result "0-1"]
[Round "09"]
[TimeControl "180+2"]
[Date "2023.03.14"]
[WhiteClock "0:00:05"]
[BlackClock "0:00:18"]

1. e4 c5 2. Nf3 d6 3. d4 cxd4 4. Nxd4 Nf6 5. Nc3 a6 6. Be3 e5 7. Nb3 Be6 8. h3 Be7 9. Qf3 O-O 10. O-O-O b5 11. g4 b4 12. Nd5 Bxd5 13. exd5 a5 14. g5 Nfd7 15. h4 a4 16. Nd2 b3 17. a3 bxc2 18. Kxc2 Na6 19. Kb1 Nac5 20. Qg4 Rb8 21. h5 f5 22. gxf6 Bxf6 23. Rg1 e4 24. Nc4 Ne5 25. Nxe5 Bxe5 26. Bd4 Qf6 27. Bxe5 Qxe5 28. Rd2 Rb7 29. Qg5 Qxg5 30. Rxg5 e3 31. Re2 Rxf2 32. Rxf2 exf2 33. Kc2 Rf7 34. Kd1 h6 35. Rg4 Rf5 36. Ke2 Rxd5 37. Kxf2 Rxh5 38. Bg2 Rf5+ 39. Ke3 Re5+ 40. Kd4 g5 41. Rg3 Kg7 42. Bd5 h5 43. Rf3 h4 44. Rf7+ Kg6 45. Rf8 Ne6+ 46. Bxe6 Rxe6 47. Ra8 h3 48. Kd5 Rf6 49. Rh8 g4 50. Rh4 Kg5 51. Rh8 Kf4 52. Rg8 Kg3 0-1


[Site "https://www.chess.com"]

[Event "Titled Tuesday Blitz March 14 Late 2023"]
[White "Cardoso Cardoso, Jose Gabriel"]
[Black "Fiorito, Joaquin"]
[WhiteFideId "4430492"]
[BlackFideId "180173"]
[WhiteElo "2496"]
[BlackElo "2157"]
[Result "1-0"]
[Round "09"]
[TimeControl "180+2"]
[Date "2023.03.14"]
[WhiteClock "0:00:02"]
[BlackClock "0:00:05"]

1. d4 Nf6 2. c4 e6 3. Nc3 Bb4 4. e3 O-O 5. Bd2 d5 6. Nf3 b6 7. cxd5 exd5 8. Rc1 Bb7 9. Bd3 a6 10. O-O Bd6 11. Ne5 c5 12. f4 Nc6 13. Be1 Be7 14. Bh4 Ne4 15. Nxe4 dxe4 16. Bxe4 Nxe5 17. Bxb7 Rb8 18. Be4 Ng6 19. Bg3 f5 20. Bc6 cxd4 21. exd4 Bf6 22. Qb3+ Kh8 23. d5 Qd6 24. Kh1 b5 25. Rce1 Rbd8 26. Qc2 Ne7 27. Re6 Qc7 28. Rd1 Nxd5 29. a3 Ne7 30. Rde1 Rc8 31. Rc1 Qb6 32. Bf2 Qc7 33. g3 Rfd8 34. Kg2 Rd6 35. Bd5 Qxc2 36. Rxc2 Rxc2 37. Rxd6 h6 38. Be6 Rxb2 39. Kf3 Kh7 40. Bc5 Rc2 41. Bb4 g6 42. Rd7 Kg7 43. Bxe7 Bxe7 44. Rxe7+ Kf6 45. Re8 Rc3+ 46. Ke2 Rxa3 47. Bd5 b4 48. Rb8 Kg7 49. Rb7+ Kf6 50. Rf7# 1-0


[Site "https://www.chess.com"]

[Event "Titled Tuesday Blitz March 14 Late 2023"]
[White "Korchmar, Vasiliy"]
[Black "Gubajdullin, Alexei"]
[WhiteFideId "24131750"]
[BlackFideId "4141202"]
[WhiteElo "2370"]
[BlackElo "2267"]
[Result "0-1"]
[Round "09"]
[TimeControl "180+2"]
[Date "2023.03.14"]
[WhiteClock "0:00:07"]
[BlackClock "0:01:57"]

1. e4 g6 2. d4 Bg7 3. c3 d6 4. Bd3 Nf6 5. Nf3 O-O 6. h3 Nc6 7. O-O e5 8. Re1 h6 9. Nbd2 Nh5 10. dxe5 Nxe5 11. Nxe5 dxe5 12. Nc4 Qf6 13. Bf1 Rd8 14. Qb3 Nf4 15. Be3 b6 16. a4 Bb7 17. a5 Bxe4 18. Bxf4 Qxf4 19. a6 Bd5 20. Rad1 c6 21. Qb4 Bf8 22. g3 Qf3 0-1


[Site "https://www.chess.com"]

[Event "Titled Tuesday Blitz March 14 Late 2023"]
[White "Matinian, Nikita"]
[Black "Johannesson, Ingvar Thor"]
[WhiteFideId "24129100"]
[BlackFideId "2301490"]
[WhiteElo "2422"]
[BlackElo "2360"]
[Result "1-0"]
[Round "09"]
[TimeControl "180+2"]
[Date "2023.03.14"]
[WhiteClock "0:00:06"]
[BlackClock "0:00:16"]

1. e4 e6 2. d4 d5 3. Nc3 Bb4 4. e5 Qd7 5. Qg4 f5 6. Qg3 b6 7. Ne2 Ba6 8. Bd2 Nc6 9. a3 Bxc3 10. Bxc3 O-O-O 11. h4 Nh6 12. f3 Rdg8 13. b4 Bc4 14. a4 Nf7 15. b5 Ne7 16. Nf4 g6 17. Kf2 h6 18. a5 g5 19. hxg5 hxg5 20. Rxh8 Rxh8 21. axb6 cxb6 22. Bxc4 dxc4 23. Ne2 Nd5 24. f4 g4 25. Be1 Kb7 26. Qa3 Ra8 27. Qa6+ Kb8 28. g3 Nc7 29. Qa4 Qd5 30. Nc3 Qf3+ 31. Kg1 Kb7 32. Qxc4 Rh8 33. Qc6+ Qxc6 34. bxc6+ Kxc6 35. Rxa7 Ra8 36. Rxa8 Nxa8 37. d5+ exd5 38. Ne2 Kc5 39. Bf2+ Kc4 40. Nd4 Nh6 41. e6 Nc7 42. e7 Kc3 43. Ne6 Ne8 44. Bxb6 Kxc2 45. Nc7 1-0


[Site "https://www.chess.com"]

[Event "Titled Tuesday Blitz March 14 Late 2023"]
[White "Papasimakopoulos, Alexandros"]
[Black "Osmak, Yuliia"]
[WhiteFideId "4244125"]
[BlackFideId "14101602"]
[WhiteElo "2359"]
[BlackElo "2271"]
[Result "0-1"]
[Round "09"]
[TimeControl "180+2"]
[Date "2023.03.14"]
[WhiteClock "0:00:08"]
[BlackClock "0:00:12"]

1. Nf3 d5 2. d4 Nf6 3. c4 e6 4. Nc3 h6 5. Bf4 dxc4 6. e4 Bb4 7. Qc2 O-O 8. Bxc4 Nc6 9. Rd1 Ne7 10. O-O a6 11. a3 Bxc3 12. bxc3 b5 13. Bd3 Bb7 14. a4 Ng6 15. Be3 Ng4 16. Bc1 Nh4 17. Nxh4 Qxh4 18. h3 Nf6 19. Rfe1 Rad8 20. f3 c6 21. Be3 Nh5 22. c4 Nf4 23. Bf1 Qg3 24. Bxf4 Qxf4 25. axb5 axb5 26. cxb5 cxb5 27. Bxb5 Qg3 28. Qf2 Qg5 29. Qd2 Qxb5 30. Rb1 Qd7 31. Red1 Bc6 32. Kh1 Rb8 33. Rbc1 Rfd8 34. Qc3 Ba4 35. Rd2 Rbc8 36. Qa3 Rxc1+ 37. Qxc1 Qc6 38. Qa3 Rc8 39. Kh2 Qc7+ 40. Kg1 Qc1+ 41. Qxc1 Rxc1+ 42. Kh2 Rd1 43. Ra2 Rxd4 44. Kg3 e5 45. h4 f6 46. Rb2 Kh7 47. Rb8 h5 48. Rb7 Kg6 49. Rb2 Bd7 50. Ra2 Be6 51. Rb2 Bc4 52. Rc2 Bd3 53. Rb2 Rc4 54. Rd2 Rc3 55. Kh2 Bc4 56. Kg3 Bb3 57. Rb2 Ba4 58. Ra2 Rc4 59. Kh2 Bc6 60. Kg3 Rc3 61. Kh2 Bd7 62. Rd2 Be6 63. Rd6 Bb3 64. Rb6 Ba4 65. Rb4 Bc6 66. Rb2 f5 67. exf5+ Kxf5 68. Rd2 g6 69. Rb2 Bd5 70. Rd2 Be6 71. Rb2 Rc4 72. Kg3 e4 73. fxe4+ Rxe4 74. Rf2+ Ke5 75. Rb2 Re3+ 76. Kf2 Rb3 77. Rc2 Kf6 78. Rc5 Bf5 79. g3 Be4 80. Rc4 Kf5 81. Rc5+ Kf6 82. Rc4 Rf3+ 83. Ke1 Bd5 84. Rd4 Be6 85. Ra4 Rxg3 86. Kf2 Rg4 87. Ra8 Rxh4 88. Ra6 Rf4+ 89. Kg3 Rf5 90. Kh4 Rf4+ 91. Kg3 Re4 92. Ra5 g5 93. Kf3 Rf4+ 94. Ke3 Rf5 95. Ra4 h4 96. Ra8 Re5+ 97. Kf3 Bd5+ 98. Kg4 Bxa8 99. Kh5 h3 100. Kg4 h2 101. Kg3 h1=Q 102. Kf2 Qg2# 0-1


[Site "https://www.chess.com"]

[Event "Titled Tuesday Blitz March 14 Late 2023"]
[White "Filgueiras, Nathan Felipe"]
[Black "Sakun, Volodymyr"]
[WhiteFideId "2188562"]
[BlackFideId "14114062"]
[WhiteElo "2241"]
[BlackElo "2331"]
[Result "0-1"]
[Round "09"]
[TimeControl "180+2"]
[Date "2023.03.14"]
[WhiteClock "0:00:05"]
[BlackClock "0:00:08"]

1. e4 c5 2. Nf3 e6 3. d4 cxd4 4. Nxd4 a6 5. Bd3 Qc7 6. O-O Nc6 7. Nxc6 bxc6 8. c4 e5 9. Nc3 Nf6 10. Bg5 Be7 11. Qd2 h6 12. Bh4 d6 13. Rab1 O-O 14. h3 Nh5 15. Bxe7 Qxe7 16. Ne2 a5 17. Qe3 Qg5 18. Qxg5 hxg5 19. Rfc1 Be6 20. b3 Nf4 21. Nxf4 gxf4 22. a3 c5 23. b4 axb4 24. axb4 Ra3 25. Bf1 cxb4 26. Rxb4 Ra6 27. c5 Rc6 28. Rb6 Rxc5 29. Rxc5 dxc5 30. Rc6 Rc8 31. Rxc8+ Bxc8 32. Bc4 f3 33. h4 fxg2 34. Kxg2 Kf8 35. Kf3 Ke7 36. Ke3 Be6 37. Be2 Kd6 38. Kd2 Kc6 39. Kc3 f6 40. Bd3 Kb6 41. Be2 Ka5 42. Bd3 Ka4 43. Bc4 Bd7 44. Bd5 Bb5 45. Bf7 Ka5 46. Bb3 Kb6 47. Bd1 Be8 48. Be2 Bg6 49. Bd3 Kc6 50. Bc2 Kd6 51. Bd3 Bh5 52. Bf1 Bf3 53. Bd3 Bg2 54. Bc2 Kc6 55. Bd3 Kb6 56. Bc2 Bf3 57. Bd3 g6 58. Bc2 Kc6 59. Bd3 Kd6 60. Bc2 Be2 61. Bb3 f5 62. exf5 gxf5 63. Bc2 e4 64. Kd2 Bh5 65. Kc3 Bf7 66. Bd1 Ke5 67. Be2 f4 68. Bd1 f3 69. Bc2 Kf4 70. Kd2 Bd5 71. Bd1 c4 72. Bc2 Kg4 73. Ke3 Kxh4 74. Bxe4 Bxe4 75. Kxe4 Kg4 76. Kd4 Kh3 77. Kxc4 Kg2 0-1


[Site "https://www.chess.com"]